 Dungeon Crawl Stone Soup version 0.18-a0-20-gaede791 (webtiles) character file.

605 Hedron the Ruffian (level 7, 0/66 HPs)
             Began as a Troll Chaos Knight on Nov 2, 2015.
             Slain by a mummy (12 damage)
             ... in an ossuary.
             The game lasted 00:09:56 (3415 turns).

Hedron the Ruffian (Troll Chaos Knight)             Turns: 3415, Time: 00:09:56

Health: 0/66       AC:  8    Str: 21    XL:     7   Next: 19%
Magic:  6/6        EV: 10    Int:  8    God:    Xom [.*....]
Gold:   97         SH:  0    Dex: 11    Spells: 0 memorised, 6 levels left

rFire  . . .     SeeInvis .       - Unarmed
rCold  . . .     Clarity  .     a - +2 robe
rNeg   . . .     SustAt   .     (no shield)
rPois  .         Gourm    +     (helmet restricted)
rElec  .         Spirit   .     p - +0 cloak
rCorr  .         Warding  .     (gloves unavailable)
rMut   .         Stasis   .     (boots unavailable)
MR     .....                    (no amulet)
Stlth  ++........               (no ring)
                                (no ring)

@: not resistant to hostile enchantments, unstealthy
A: unfitting armour, claws 3, fast metabolism 3, gourmand, regeneration 2,
shaggy fur 1, tough skin 2
a: Renounce Religion


You were in an ossuary.
You worshipped Xom.
You were a plaything of Xom.
You were completely stuffed.

You visited 1 branch of the dungeon, and saw 5 of its levels.
You also visited: Ossuary.

You collected 289 gold pieces.
You spent 192 gold pieces at shops.

Inventory:

Hand Weapons
 o - a +3 quarterstaff of chaos
Missiles
 c - 29 poisoned needles
 g - 8 needles of sleeping
 l - 7 needles of paralysis
 w - 4 steel tomahawks (quivered)
Armour
 a - a +2 robe (worn)
 p - a +0 cloak (worn)
Wands
 s - a wand of disintegration (24)
Scrolls
 j - 2 scrolls of teleportation
 m - a scroll of fog
 u - a scroll of remove curse
Potions
 e - 2 potions of curing
 f - 3 potions of cure mutation
 k - a potion of flight
 q - a potion of might
 r - a potion of haste
 v - a potion of lignification
Comestibles
 b - 5 bread rations
 d - 3 meat rations
 h - 2 beef jerkies
 i - a slice of pizza
 n - 4 fruits
 t - a chunk of flesh


   Skills:
 - Level 2.4 Fighting
 - Level 1.9 Dodging
 + Level 2.1 Stealth
 + Level 7.6 Unarmed Combat


You had 6 spell levels left.
You didn't know any spells.

Dungeon Overview and Level Annotations

Branches:
Dungeon (5/15)
 Temple: D:4-7

Altars:
Ashenzari

Shops:
D:4 !


Innate Abilities, Weirdness & Mutations

You are too large for most types of armour.
You have claws for hands.
Your metabolism is lightning-fast.
You like to eat raw meat.
You heal very quickly.
You are covered in fur (AC +1).
You have very tough skin (AC +2).


Message History

You claw the mummy! You claw the mummy.
The mummy is almost destroyed.
Xom notices you.
You smell something strange.
You barely miss the mummy.
The mummy is almost destroyed.
The mummy hits you!
* * * LOW HITPOINT WARNING * * *
Xom is interested.
The mummy hits you but does no damage.
Drink which item? (? for menu, Esc to quit)
You feel better. The mummy hits you!
* * * LOW HITPOINT WARNING * * *
Drink which item? (? for menu, Esc to quit)
You feel better. The mummy hits you!
* * * LOW HITPOINT WARNING * * *
Xom is mildly amused.
Drink which item? (? for menu, Esc to quit)
You feel better. The mummy hits you!
You die...

######## #.
......## ..M
####......## ....
##..##......#
....##....##MM...#
............@....#
................##
#..............##
+##........##+#
##......##
##....## #....#
#....# #....#


You could see 2 mummies.

Vanquished Creatures
  An eye of draining (D:5)
  Blork the orc (D:4)
  A scorpion (D:4)
  A hound (D:5)
  An orc priest (D:3)
  A centaur skeleton (D:4)
  Crazy Yiuf (D:3)
  Jessica (D:2)
  A worker ant (D:4)
  A big kobold zombie (Ossuary)
  5 mummies
  A worker ant zombie (D:5)
  3 adders
  A river rat (D:3)
  An ooze (D:4)
  2 adder skeletons (D:4)
  A worm (D:2)
  3 giant geckos
  8 orcs
  3 giant cockroaches
  11 goblins
  6 hobgoblins
  8 jackals
  11 kobolds
  3 quokkas
  6 bats
  5 giant newts
  A gnoll zombie (Ossuary)
  4 hobgoblin zombies
  3 kobold zombies (Ossuary)
  10 rats
106 creatures vanquished.

Notes
Turn   | Place    | Note
--------------------------------------------------------------
     0 | D:1      | Hedron the Troll Chaos Knight began the quest for the Orb.
     0 | D:1      | Reached XP level 1. HP: 22/22 MP: 0/0
    12 | D:1      | XOM: potion effect (berserk rage)
   160 | D:1      | Reached XP level 2. HP: 29/29 MP: 1/1
   471 | D:1      | Reached skill level 4 in Unarmed Combat
   577 | D:2      | Reached XP level 3. HP: 36/36 MP: 2/2
   619 | D:2      | Noticed Jessica
   623 | D:2      | Killed Jessica
   781 | D:2      | You fall through a shaft for 2 floors!
   783 | D:4      | Found a shattered altar of Ashenzari.
   797 | D:4      | XOM: scenery: 1 doors open
   804 | D:4      | Reached XP level 4. HP: 44/44 MP: 3/3
   830 | D:4      | Noticed a troll
   869 | D:4      | XOM: smoke on damage
   871 | D:4      | Reached skill level 5 in Unarmed Combat
  1060 | D:4      | Noticed Blork the orc
  1071 | D:4      | Killed Blork the orc
  1071 | D:4      | Reached skill level 1 in Stealth
  1071 | D:4      | Reached XP level 5. HP: 22/50 MP: 4/4
  1116 | D:4      | XOM: colour smoke trail
  1223 | D:4      | XOM: harmless Tloc miscast
  1301 | D:2      | XOM: silly message
  1358 | D:2      | XOM: harmless Summ miscast
  1804 | D:3      | Noticed Crazy Yiuf
  1809 | D:3      | Killed Crazy Yiuf
  1902 | D:3      | Reached skill level 6 in Unarmed Combat
  1982 | D:3      | XOM: 2-stop teleportation journey
  2034 | D:3      | XOM: vitrification
  2085 | D:3      | Reached XP level 6. HP: 44/59 MP: 5/5
  2093 | D:3      | XOM: polymorph orc -> river rat
  2275 | D:3      | XOM: harmless Erth miscast
  2690 | D:4      | Found Test's Distillery.
  2691 | D:4      | XOM: silly message
  2693 | D:4      | Bought a potion of curing for 36 gold pieces
  2693 | D:4      | Bought a potion of might for 48 gold pieces
  2693 | D:4      | Bought a potion of curing for 36 gold pieces
  2693 | D:4      | Bought a potion of lignification for 36 gold pieces
  2693 | D:4      | Bought a potion of curing for 36 gold pieces
  2903 | D:4      | XOM: summons friendly iron imp
  3042 | D:5      | Entered Level 5 of the Dungeon
  3051 | D:5      | Reached skill level 7 in Unarmed Combat
  3181 | D:5      | Reached XP level 7. HP: 58/66 MP: 6/6
  3232 | D:5      | XOM: harmless Air miscast
  3314 | D:5      | Found a sand-covered staircase.
  3344 | Ossuary  | Entered an ossuary
  3364 | Ossuary  | XOM: silly message
  3411 | Ossuary  | XOM: harmless Trmt miscast
  3414 | Ossuary  | HP: 3/66 [mummy (14)]
  3415 | Ossuary  | Slain by a mummy

Vault maps used:
D:1:      scummos_arrival_checkerplants, minmay_misc_feat_chi
D:2:      corexii_leaking_fountain, minmay_vboxes, uniq_jessica
D:3:      minmay_joined_circles, uniq_crazy_yiuf_cottage
D:4:      nicolae_ashenzari_panopticon, first_bread, serial_shops, shop,
          lightli_corner_chamber, uniq_blork_the_orc
D:5:      basic_altar, nicolae_ossuary_entry_giza
Ossuary:  ossuary_tomb_3

Action                   |  1- 3 |  4- 6 |  7- 9 || total
-------------------------+-------+-------+-------++-------
Melee: Unarmed           |    92 |   148 |    64 ||   304
  Use: Potion            |     3 |     8 |     3 ||    14
       Scroll            |     4 |     5 |       ||     9
 Stab: Sleeping          |     2 |     1 |       ||     3
       Invisible         |       |     1 |       ||     1
  Eat: Chunk             |    14 |    21 |     4 ||    39
